 Dungeon Crawl Stone Soup version 0.23-a0-78-gc252fe1 (webtiles) character file.

3 Amnesiac the Magician (level 1, -1/13 HPs)
             Began as a Mummy Air Elementalist on Aug 10, 2018.
             Slain by a hobgoblin (4 damage)
             ... on level 3 of the Dungeon.
             The game lasted 00:00:54 (374 turns).

Amnesiac the Magician (Mummy Air Elementalist)       Turns: 374, Time: 00:00:55

Health: -1/13      AC:  3    Str: 11    XL:     1   Next: 41%
Magic:  4/4        EV: 12    Int: 14    God:
Gold:   28         SH:  0    Dex: 12    Spells: 4/5 levels left

rFire    x . .     SeeInvis .   c - -1 dagger (curse)
rCold    + . .     Gourm    .   (no shield)
rNeg     + + +     Faith    .   a - +0 robe
rPois    ∞         Spirit   .   (no helmet)
rElec    .         Reflect  .   (no cloak)
rCorr    .         Harm     .   b - +0 pair of gloves
MR       .....                  (no boots)
Stlth    ++........             (no amulet)
HPRegen  0.04/turn              (no ring)
MPRegen  0.09/turn              (no ring)

@: no status effects
A: no food or potions, fire vulnerability, cold resistance 1, negative energy
resistance 3, torment resistance, unbreathing
a: no special abilities


You were on level 3 of the Dungeon.
You were not hungry.

You visited 1 branch of the dungeon, and saw 3 of its levels.

You collected 28 gold pieces.

Inventory:

Hand Weapons
 c - a cursed -1 dagger (weapon)
 d - a +0 long sword
Armour
 a - a +0 robe (worn)
 b - a +0 pair of gloves (worn)


   Skills:
 - Level 1.5 Dodging
 - Level 1.5 Stealth
 - Level 2.6 Spellcasting
 - Level 0.7 Conjurations
 + Level 2.6 Air Magic


You had 4 spell levels left.
You knew the following spells:

 Your Spells              Type           Power        Failure   Level  Hunger
a - Shock                 Conj/Air       #...         11%         1    N/A

Your spell library contained the following spells:

 Spells                   Type           Power        Failure   Level  Hunger
 Lightning Bolt           Conj/Air       #.........   97%         5    N/A
 Swiftness                Chrm/Air       #.......     21%         2    N/A
 Airstrike                Air            #.........   58%         4    N/A
 Static Discharge         Conj/Air       #.......     32%         3    N/A

Dungeon Overview and Level Annotations

Branches:
Dungeon (3/15)

Altars:


Innate Abilities, Weirdness & Mutations

You do not eat or drink.
Your flesh is vulnerable to fire.
You are immune to poison.
Your flesh is cold resistant. (rC+)
You are immune to negative energy. (rN+++)
You are immune to unholy pain and torment.
You can survive without breathing.


Message History

You hit the bat.
The bat is severely wounded.
The bat misses you. The bat closely misses you.
You hit the bat.
You kill the bat!
No target in view!
No target in view!
No target in view!
No target in view!
No target in view!
No target in view!
No target in view!
No target in view!
No target in view!
No target in view!
No target in view!
No target in view!
No target in view!
Really read a scroll labeled LUSURU WUYRES {!r}?
As you read the scroll labeled LUSURU WUYRES {!r}, it crumbles to dust.
The scroll dissolves into smoke.
It was a scroll of fog {!r}.
You see here a bat corpse.
You see here a bat corpse.
You open the door.
There is an open door here.
Found 30 arrows.
Found a stone staircase leading up.
Found a stone staircase leading down.
You aren't carrying any scrolls.
Found 14 sling bullets.
There is a stone staircase leading down here.
You climb downwards.
A hobgoblin comes into view.
Found a ring mail and 11 gold pieces.
There is a stone staircase leading up here.
You see here 6 gold pieces.
The hobgoblin shouts!
The hobgoblin hits you but does no damage.
You hit the hobgoblin.
The hobgoblin is heavily wounded.
The hobgoblin hits you.
You completely miss the hobgoblin.
The hobgoblin is heavily wounded.
The hobgoblin hits you.
You hit the hobgoblin.
The hobgoblin is severely wounded.
The hobgoblin hits you but does no damage.
You closely miss the hobgoblin.
The hobgoblin is severely wounded.
The hobgoblin closely misses you.
You closely miss the hobgoblin.
The hobgoblin is severely wounded.
The hobgoblin barely misses you.
You completely miss the hobgoblin.
The hobgoblin is severely wounded.
The hobgoblin closely misses you.
You hit the hobgoblin.
The hobgoblin is almost dead.
The hobgoblin hits you.
* * * LOW HITPOINT WARNING * * *
You hit the hobgoblin but do no damage.
The hobgoblin is almost dead.
The hobgoblin hits you.
You die...

#. #.. #..
###..###########
.........g......
......#.@....#
#..$.....#
#........##
##.<......[.
#.......#..
#..........
#..........
#.......#..
...$......


You could see a hobgoblin.

Vanquished Creatures
  2 bats (D:2)
  A frilled lizard (D:1)
  A goblin (D:2)
4 creatures vanquished.

Notes
Turn   | Place    | Note
-------+----------+-------------------------------------------
     0 | D:1      | Amnesiac the Mummy Air Elementalist began the quest for the Orb.
     0 | D:1      | Reached XP level 1. HP: 13/13 MP: 4/4
   374 | D:3      | Slain by a hobgoblin

Vault maps used:
D:1:      minmay_arrival_checkered_box
D:2:      gammafunk_temple_overflow_elements, uniq_jessica
D:3:      gammafunk_temple_overflow_statue, first_ration,
          nicolae_qazlal_eye_of_the_storm, uniq_robin, uniq_natasha

Action                   || total
-------------------------++-------
Melee: Unarmed           ||    24
       Dagger            ||    15
  Use: Scroll            ||     2
Armor: Robe              ||    21
Dodge: Dodged            ||    43

Table legend:
 A = Non-vault XP
 B = Vault XP
 C = Vault XP percentage of total XP
 D = Non-vault monster count
 E = Vault monster count
 F = Vault count percentage of total count
 G = Total turns spent on level
                 A         B        C        D         E       F
            +---------+---------+-------+---------+---------+-------
      Total |       5 |       0 |   0.0 |       4 |       0 |   0.0
            +---------+---------+-------+---------+---------+-------
        D:1 |       1 |       0 |   0.0 |       1 |       0 |   0.0
        D:2 |       4 |       0 |   0.0 |       3 |       0 |   0.0
            +---------+---------+-------+---------+---------+-------
